 Adventure DCSS version bcrawl-1.21.2-28-g2cb1824106 (webtiles) character file.

Game seed: 4817634127558347625

3 Defined the Firebug (level 1, 10/10 HPs)
             Began as a Skeleton Fire Elementalist on Mar 8, 2020.
             Quit the game on level 1 of the Dungeon.
             The game lasted 00:02:03 (552 turns).

Defined the Firebug (Skeleton Fire Elementalist)     Turns: 552, Time: 00:02:03

Health: 10/10      AC:  2    Str: 14    XL:     1   Next: 41%
Magic:  4/4        EV: 11    Int: 13    God:
Gold:   35         SH:  3    Dex:  9    Spells: 5/6 levels left
                                        Lives:  1   Deaths: 1

rFire    . . .     SeeInvis .   i - -2 mace (curse)
rCold    + . .     Gourm    .   h - +0 buckler
rNeg     + + +     Faith    .   a - +0 robe
rPois    ∞         Spirit   +   (no helmet)
rElec    .         Reflect  .   (no cloak)
rCorr    .         Harm     .   (no gloves)
MR       .....                  (no boots)
Stlth    ++........             (no amulet)
HPRegen  0.03/turn              (no ring)
MPRegen  0.09/turn              (no ring)

@: no status effects
A: no food or potions, cold resistance 1, deterioration 1, negative energy
resistance 3, torment resistance, unbreathing, magic shield, sturdy frame 1,
spell healing
a: no special abilities


You were on level 1 of the Dungeon.
You were not hungry.

You visited 1 branch of the dungeon, and saw 1 of its levels.

You collected 35 gold pieces.

Inventory:

Hand Weapons
 g - a +0 club
 i - a cursed -2 mace (weapon)
Missiles
 c - 192 stones (quivered)
Armour
 a - a +0 robe (worn)
 h - a +0 buckler (worn)
Scrolls
 b - a scroll of enchant armour
 e - a scroll of immolation
 f - a scroll of teleportation


   Skills:
 - Level 2.2 Dodging
 - Level 2.4 Stealth
 * Level 0.8 Shields
 + Level 3.2 Spellcasting
 + Level 1.4 Conjurations
 + Level 3.3 Fire Magic


You had 5 spell levels left.
You knew the following spells:

 Your Spells              Type           Power        Failure   Level  Hunger
a - Flame Tongue          Conj/Fire      #....        13%         1    N/A

Your spell library contained the following spells:

 Spells                   Type           Power        Failure   Level  Hunger
 Flaming Arrows           Chrm/Fire      #.......     26%         2    N/A
 Conjure Flame            Conj/Fire      #.......     36%         3    N/A
 Inner Flame              Hex/Fire       N/A          45%         3    N/A
 Sticky Flame             Conj/Fire      #.......     77%         4    N/A
 Fireball                 Conj/Fire      #.........   98%         5    N/A

Dungeon Overview and Level Annotations

Branches:
Dungeon (1/12)

Altars:


Innate Abilities, Weirdness & Mutations

You do not eat or drink.
You are immune to poison.
Your flesh is cold resistant. (rC+)
Your body sometimes deteriorates upon taking damage.
You are immune to negative energy. (rN+++)
You are immune to unholy pain and torment.
You can survive without breathing.
When hurt, damage is shared between your health and your magic reserves.
Your movements are slightly less encumbered by armour. (ER -2)
Casting spells heals you.


Message History

Press: ? - help, Shift-Dir - straight line, f/p - jackal
Aim: a jackal (heavily wounded)
The flame tongue misses the jackal.
The flame tongue misses the frilled lizard.
The jackal bites you.
* * * LOW HITPOINT WARNING * * *
You closely miss the jackal.
The jackal is heavily wounded.
The jackal bites you.
You die...
The jackal completely misses you.
Xom reaches out...
You are now level 1!
You rejoin the land of the living...
Found a hunting sling.
Unknown command.
Casting: Flame Tongue (safe; 13% risk of failure)
Confirm with . or Enter, or press ? or * to list all spells.
You can't see any susceptible monsters within range! (Use Z to cast anyway.) Are you sure you want to abandon this character and quit the game? (Confirm with "yes".)

*,,,,,,,**,* *,,,*+#........†.g
***,*,,,*,**,* #.#**.#.#####.####
,****,*,*,,,,**#.###.*,*,,,#.####
,+,,,,,,,,,,,,,.....,,,,,,,......
,**,*,*,*,*****#...#,*,*,*##.##.#
,+,,,,,,,,,,,,,+...+,,,,,,,..##.#
,******,*,*****#...#******,####.#
** *,,*,*,* #...+,,,,,,,* #.# *
*,,,,*,* #@..#*****,,** #..
**,***+*** #...# #...* #..
*,*,,,,,***#.).#* #.#.**#..
*,*,,,,,*,,.....# *....,#†.
*,+.(...#+#############..,#..
**#........P≈≈≈≈≈≈≈≈≈P##..#..
#.........P≈≈≈≈≈≈≈P.##..#.#
#..........P≈≈≈≈≈P..##.....
*.!.........P≈≈≈P...##.##.#


There were no monsters in sight!

Vanquished Creatures
  2 dart slugs (D:1)
  A goblin (D:1)
  A hobgoblin (D:1)
  2 jackals (D:1)
  3 bats (D:1)
  2 kobolds (D:1)
  2 rats (D:1)
13 creatures vanquished.

Notes
Turn   | Place    | Note
-------+----------+-------------------------------------------
     0 | D:1      | Defined the Skeleton Fire Elementalist began the quest for
                  | the Orb.
     0 | D:1      | Reached XP level 1. HP: 10/10 MP: 4/4
   302 | D:1      | Reached XP level 2. HP: 12/15 MP: 4/6
   551 | D:1      | Slain by a jackal
   552 | D:1      | Reached XP level 1. HP: -1/10 MP: 0/4
   552 | D:1      | Quit the game

Action                   || total
-------------------------++-------
Melee: Club              ||     3
       Unarmed           ||     2
       Mace              ||     5
 Cast: Flame Tongue      ||    24
  Use: Scroll            ||     4
 Stab: Sleeping          ||     1
Armor: Robe              ||     6
Dodge: Dodged            ||    17
Block: Buckler           ||     4
